Description

Maru's raven tank timing from the last game of ASUS ROG 2020 group C against Clem.

Replay - LiquidClem v maru: Game 3 - Pillars of Gold LE

Build Order

Get SALT Encoding   

  12  0:01  SCV  
  13  0:13  SCV  
  14  0:18  Supply Depot  
  14  0:25  SCV  
  15  0:39  SCV  
  15  0:41  Barracks  
  16  0:44  Refinery  
  16  0:51  SCV  
  17  0:58  Refinery  
  17  1:03  SCV  
  18  1:15  SCV  
  19  1:28  Orbital Command, Reaper  
  19  1:31  Supply Depot  
  20  1:44  Factory  
  20  1:53  SCV  
  21  2:00  Reaper  
  22  2:05  SCV  
  23  2:19  SCV  
  24  2:23  Command Center  
  24  2:28  Factory Tech Lab  
  25  2:39  Barracks Reactor  
  25  2:41  Supply Depot  
  26  2:48  Cyclone  
  30  3:08  Starport  
  30  3:12  Refinery  
  31  3:20  Marine x2  
  32  3:29  Siege Tank  
  36  3:36  Orbital Command  
  36  3:39  Marine x2  
  39  3:49  Viking  
  41  3:58  Marine x2  
  41  4:02  Supply Depot  
  47  4:20  Factory Tech Lab  
  47  4:21  Marine x2  
  49  4:26  Raven  
  53  4:40  Siege Tank  
  52  5:01  Marine x2  
  52  5:04  Supply Depot  
  56  5:09  Raven  
  59  5:14  Command Center  
  60  5:25  Siege Tank, Refinery  
  65  5:52  Raven  
  70  6:00  Siege Tank  
  75  6:15  Barracks x2  
  78  6:36  Orbital Command  
  79  6:41  Siege Tank  
  82  6:47  Viking x2  
  82  6:53  Stimpack  
Spawning Tool Build Advisor. Get it on Overwolf

Go to:

Details

  • Created by: Fann
  • Published on: Dec 15, 2020
  • Modified on: Dec 15, 2020
  • Patch: 4.11.0
  • Difficulty: Hard
Show
View Real Time Build Order
Export as new Build Order

Comments (0)

There are no comments. Be the first!

Create an account to comment!